 Dungeon Crawl Stone Soup version 0.30-a0-937-ga0a21ad780 (webtiles) character file.

Game seed: 13567914144921720957

4921 cforsyth the Ogre Mage (level 10, -2/81 HPs)
             Began as an Ogre Summoner on Mar 24, 2023.
             Was an Initiate of Gozag.
             Slain by a wyvern (14 damage)
             ... on level 10 of the Dungeon.
             The game lasted 00:21:38 (10164 turns).

cforsyth the Ogre Mage (Ogre Summoner)             Turns: 10164, Time: 00:21:38

Health: -2/81      AC:  3    Str: 14    XL:     10   Next: 52%
Magic:  4/24       EV: 10    Int: 20    God:    Gozag
Gold:   671        SH:  0    Dex:  9    Spells: 17/30 levels left

rFire   . . .      SeeInvis .    (no weapon)
rCold   . . .      Faith    .    (no shield)
rNeg    . . .      Spirit   .    a - +0 robe
rPois   .          Reflect  .    (helmet restricted)
rElec   .          Rampage  .    (no cloak)
rCorr   .                        (gloves unavailable)
Will    +....                    (boots unavailable)
Stlth   ++                       (no amulet)
HPRegen 0.33/turn                (no ring)
MPRegen 0.19/turn                (no ring)

@: gold aura
A: large, unfitting armour, tough skin 1
a: Renounce Religion, Potion Petition, Call Merchant, Bribe Branch


You were on level 10 of the Dungeon.
You worshipped Gozag.
Gozag was pleased with you.
You visited 1 branch of the dungeon, and saw 9 of its levels.

You collected 766 gold pieces.
You paid 95 gold pieces to Gozag.

Inventory:

Armour
 a - a +0 robe (worn)
 y - +0 fire dragon scales
Scrolls
 c - 2 scrolls of fog
 d - 2 scrolls of enchant armour {unknown}
 f - 3 scrolls of teleportation
 h - a scroll of immolation {unknown}
 i - a scroll of fear
 j - 3 scrolls of noise {unknown}
 k - a scroll of brand weapon {unknown}
 l - 2 scrolls of poison {unknown}
 m - 2 scrolls of magic mapping
 n - 5 scrolls of identify {unknown}
 q - 2 scrolls of vulnerability {unknown}
 v - a scroll of enchant weapon
 w - a scroll of summoning {unknown}
Potions
 b - a potion of magic
 e - a potion of degeneration {unknown}
 g - a potion of brilliance {unknown}
 o - 2 potions of resistance {unknown}
 p - 2 potions of mutation {unknown}
 r - 2 potions of cancellation
 s - a potion of curing
 t - a potion of flight {unknown}
 u - a potion of might {unknown}
 x - a potion of attraction {unknown}


   Skills:
 - Level 2.7 Dodging
 - Level 2.3 Stealth
 + Level 10.9 Spellcasting
 - Level 3.0 Hexes
 + Level 9.6 Summonings
 - Level 4.0 Air Magic


You had 17 spell levels left.
You knew the following spells:

 Your Spells              Type           Power      Damage    Failure   Level
a - Summon Small Mammal   Summ           100%       N/A       1%          1
b - Call Imp              Summ           49%        N/A       1%          2
c - Call Canine Familiar  Summ           49%        N/A       1%          3
d - Summon Guardian Gole  Hex/Summ       36%        N/A       1%          3
e - Summon Lightning Spi  Summ/Air       38%        N/A       3%          4

Your spell library contained the following spells:

 Spells                   Type           Power      Damage    Failure   Level
 Beastly Appendage        Tmut           20%        N/A       6%          1
 Freeze                   Ice            40%        1d6       6%          1
 Blink                    Tloc           20%        N/A       10%         2
 Lesser Beckoning         Tloc           20%        N/A       10%         2
 Momentum Strike          Conj/Tloc      20%        3d8       10%         2
 Wereblood                Tmut           10%        N/A       10%         2
 Frozen Ramparts          Ice            20%        1d4       19%         3
 Hailstorm                Conj/Ice       10%        3d5       19%         3
 Spider Form              Tmut/Pois      10%        N/A       19%         3
 Malign Gateway           Summ/Tloc      15%        N/A       100%        7
 Summon Horrible Things   Summ           24%        N/A       100%        8


Dungeon Overview and Level Annotations

Branches:
Dungeon (10/15)
 Temple: D:4-7         Lair: D:8-11         Orc: D:9-12

Altars:
Gozag
Makhleb
Xom

Shops:
D:3 (   D:7 *


Innate Abilities, Weirdness & Mutations

You are too large for most types of armour.
You have tough skin. (AC +1)


Message History

Unknown command.
Your wolf barely misses the wraith.
Your quokka barely misses the wraith.
The wyvern misses your wolf.
Your wolf bites the wraith.
Casting: Call Canine Familiar (safe; 1% risk of failure)
Confirm with . or Enter, or press ? or * to list all spells.
A guardian golem appears, shielding your allies.
The wraith is no longer distracted by gold.
Your wolf barely misses the wraith.
The wyvern bites your wolf!
Your quokka bites the wraith but does no damage.
The wraith hits your wolf but does no damage.
Your wolf bites the wyvern!
The wyvern bites your wolf!
Your wolf dies!
Your wolf's corpse disappears in a puff of smoke!
Your quokka bites the wraith but does no damage.
Your quokka bites the wraith.
A wight comes into view. It is wielding a +2 long sword.
The boulder beetle bites your quokka.
Your quokka bites the boulder beetle but does no damage.
Unknown command.
You swap places.
The wyvern bites you!
* * * LOW HITPOINT WARNING * * *
Your quokka bites the wraith but does no damage.
The wyvern bites you but does no damage.
Something barely misses your quokka.
Unknown command.
Unknown command.
A wight comes into view. It is wielding a +0 short sword.
The wight hits your lightning spire but does no damage.
Unknown command.
Unknown command.
You feel better. The wyvern closely misses you.
Your quokka barely misses the wraith.
The wyvern barely misses you. The wraith hits your guardian golem!
The boulder beetle is distracted by your dazzling golden aura.
The wight is distracted by your dazzling golden aura.
Casting: Summon Guardian Golem (safe; 1% risk of failure)
Confirm with . or Enter, or press ? or * to list all spells.
Your quokka bites the wraith.
The wyvern bites you!
You die...
Your body crumbles into a pile of gold.

#########
##...#...##
##.........##
#...........#
#...........#
#...........#
##.........####
#.........###..
>....>.##...@###.#
#..###.##.h..l9#.#
............##W#.#
#
####.....$##Br.##.#
#...#.<........#
......$$$..####...#
..##.###8..## ...#
. #. #z#.# #... ..
...#z# ..


You could see a boulder beetle, a wraith (ally target), a wyvern (ally target),
a wight, a friendly guardian golem (summoned), a friendly wolf (summoned), a
friendly lightning spire (summoned, sheltered) and a friendly quokka (summoned,
sheltered).

Vanquished Creatures
  An endoplasm (D:2)
  A giant cockroach (D:2)
  A goblin (D:2)
  A hobgoblin (D:1)
4 creatures vanquished.

Vanquished Creatures (collateral kills)
  Maggie (D:7)
  A kobold demonologist (D:9)
  Grinder (D:6)
  A wraith (D:10)
  A shadow (D:6)
  2 wyverns
  2 water moccasins (D:6)
  An orc warrior (D:6)
  A sky beast (D:6)
  2 ice beasts
  2 ogres
  A centaur (D:6)
  4 phantoms
  2 scorpions (D:4)
  3 bullfrogs
  3 jellies
  3 wights (D:7)
  2 howler monkeys
  A crimson imp (D:4)
  2 orc priests
  A hound (D:4)
  2 iguanas (D:4)
  6 orc wizards
  A gnoll (D:4)
  6 adders
  A shadow imp (D:6)
  2 white imps (D:6)
  A nameless horror (D:2)
  6 ufetubi
  2 worms
  17 orcs
  4 endoplasms
  2 giant cockroaches
  4 goblins
  5 hobgoblins
  A quokka (D:3)
  4 ball pythons
  5 frilled lizards
  6 kobolds
  5 rats
117 creatures vanquished.

Vanquished Creatures (others)
  Josephine (D:10)
  2 wraiths (D:10)
  An ogre (D:4)
  A black bear (D:4)
  A scorpion (D:5)
  A gnoll sergeant (D:4)
  A gnoll bouda (D:5)
  7 gnolls
  An orc (D:6)
  A hobgoblin (D:4)
  3 demonic plants (D:6)
20 creatures vanquished.

Grand Total: 141 creatures vanquished

Notes
Turn   | Place    | Note
-------+----------+-------------------------------------------
     0 | D:1      | cforsyth the Ogre Summoner began the quest for the Orb.
     0 | D:1      | Reached XP level 1. HP: 16/16 MP: 3/3
   197 | D:1      | Reached XP level 2. HP: 15/24 MP: 5/5
   332 | D:1      | Learned a level 2 spell: Call Imp
  1345 | D:2      | Found an opulent altar of Gozag.
  1619 | D:2      | Reached XP level 3. HP: 31/31 MP: 1/7
  1623 | D:2      | Learned a level 3 spell: Call Canine Familiar
  1842 | D:3      | Reached skill level 3 in Spellcasting
  1850 | D:3      | Reached XP level 4. HP: 12/39 MP: 2/8
  2564 | D:3      | Reached XP level 5. HP: 45/45 MP: 7/10
  2573 | D:3      | Learned a level 3 spell: Summon Guardian Golem
  2706 | D:3      | Found Wiah's Weapon Boutique.
  3268 | D:4      | Noticed a black bear
  3603 | D:2      | Reached skill level 1 in Hexes
  3675 | D:4      | Noticed an ogre
  3700 | D:4      | Killed an ogre
  3701 | D:4      | Reached skill level 4 in Spellcasting
  3701 | D:4      | Reached XP level 6. HP: 53/53 MP: 10/12
  3819 | D:4      | Killed a black bear
  3820 | D:4      | Reached skill level 5 in Summonings
  3820 | D:4      | Reached XP level 7. HP: 59/59 MP: 1/14
  4088 | D:4      | Reached skill level 5 in Spellcasting
  4678 | D:4      | Found a burning altar of Makhleb.
  4678 | D:4      | Found a shimmering altar of Xom.
  4786 | D:4      | Reached skill level 6 in Spellcasting
  4786 | D:4      | Reached XP level 8. HP: 67/67 MP: 10/17
  4798 | D:4      | Learned a level 4 spell: Summon Lightning Spire
  5027 | D:5      | Entered Level 5 of the Dungeon
  5139 | D:2      | Became a worshipper of Gozag Ym Sagoz the Greedy
  5280 | D:5      | Reached skill level 1 in Air Magic
  7370 | D:5      | Reached skill level 7 in Spellcasting
  7742 | D:6      | Noticed Grinder
  7744 | D:6      | Paralysed by Grinder for 4 turns
  7768 | D:6      | Killed Grinder
  7769 | D:6      | Reached XP level 9. HP: 71/74 MP: 8/20
  7987 | D:6      | Reached skill level 8 in Spellcasting
  8811 | D:7      | Noticed Maggie
  8829 | D:7      | Killed Maggie
  8830 | D:7      | Reached skill level 9 in Spellcasting
  9320 | D:7      | Reached XP level 10. HP: 81/81 MP: 13/23
  9514 | D:7      | Found Compik's General Store.
  9701 | D:7      | You fall into a shaft and drop 3 floors!
  9701 | D:10     | Entered Level 10 of the Dungeon
  9732 | D:9      | Reached skill level 10 in Spellcasting
  9793 | D:9      | Noticed a kobold demonologist
  9796 | D:9      | Noticed a lindwurm
  9804 | D:9      | Noticed a lindwurm
  9806 | D:9      | Noticed a lindwurm
  9945 | D:9      | Killed a kobold demonologist
 10137 | D:10     | Noticed Josephine
 10153 | D:10     | Killed Josephine
 10154 | D:10     | Noticed a boulder beetle
 10164 | D:10     | Slain by a wyvern

Illustrated notes

Levels and vault maps discovered:
D:1:      sevenhm_arrival_forest_fort_small_5, layout_basic, minmay_pentomino_o4
D:2:      layout_basic, basic_altar, minmay_misc_feat_chi
D:3:      layout_loops_ring, serial_shops, shop, minivault_14, nicolae_titane
D:4:      layout_basic, grunt_temple_overflow_champion_of_chaos,
          interstate_on_off
D:5:      layout_gridville
D:6:      layout_gridville, serial_demonic, serial_demonic_f, serial_demonic_f,
          serial_demonic_c, serial_demonic_c, uniq_grinder
D:7:      layout_cave_pods, minmay_temple_entry_glass, grunt_ministairs_3,
          hangedman_decor_lopped, nicolae_take_the_stairs,
          minmay_quadrilaterals, uniq_maggie
D:9:      layout_small_grid, lemuel_coloured_pillars_altar, minmay_lindwurm_lava
D:10:     layout_rooms, gammafunk_temple_overflow_arena, uniq_josephine

Skill      XL: |  1  2  3  4  5  6  7  8  9 10 |
---------------+-------------------------------+-----
Dodging        | 2 |  2.7
Stealth        | 2 |  2.3
Spellcasting   | 3 4 6 7 9 10 | 10.9
Summonings     | 4 5 7 8 9 |  9.6
Hexes          | 1 2 3 |  3.0
Air Magic      | 3 4 |  4.0

Action                     |  1- 3 |  4- 6 |  7- 9 | 10-12 || total
---------------------------+-------+-------+-------+-------++-------
  Melee: Unarmed           |    39 |    20 |    40 |     3 ||   102
   Cast: Summon Small Mamm |    25 |    20 |    78 |     9 ||   132
         Call Imp          |    12 |    12 |    38 |     5 ||    67
         Call Canine Famil |     2 |    17 |    45 |    10 ||    74
         Summon Guardian G |       |     3 |    14 |     3 ||    20
         Summon Lightning  |       |       |       |     1 ||     1
    Use: Potion            |       |     2 |       |     1 ||     3
         Scroll            |       |     5 |       |       ||     5
 Armour: Robe              |    14 |    14 |    26 |     5 ||    59
  Dodge: Dodged            |    19 |    20 |    75 |    18 ||   132

Table legend: (Time is in decaauts)
 A = Elapsed time spent in this place.
 B = Non-inter-level travel time spent in this place.
 C = Inter-level travel time spent in this place.
 D = Time resting spent in this place.
 E = Time spent auto-exploring this place.
 F = Levels seen in this place.
 G = Mean time per level.
                   A        B        C        D        E       F      G
               +--------+--------+--------+--------+--------+-----+--------+
         Total |  10173 |   9735 |    438 |   1406 |   6114 |   9 | 1130.3 |
       Dungeon |  10173 |   9735 |    438 |   1406 |   6114 |   9 | 1130.3 |
               +--------+--------+--------+--------+--------+-----+--------+

Top non-repeatable levels by time:
     D:5: 1789 daAuts
     D:3: 1714 daAuts
     D:4: 1704 daAuts
     D:6: 1387 daAuts
     D:2: 1108 daAuts
     D:1: 1079 daAuts
     D:7: 923 daAuts
    D:10: 290 daAuts
     D:9: 175 daAuts
